AoeStats
← darador86

Arena

510459959Analyzed
4v4 RM · 2d ago on Oct 1, 2026· 59m 52s· 8 players
Game mode
Random Map
Map size
Large (8 player)
Population
200
Speed
Normal
Resources
Standard
Victory
Conquest
Starting age
Dark Age
Ending age
Imperial Age
RankedLock teamsTeams togetherTeam positionsShared explorationLock speedFull tech treeHidden civsTurbo modeCheats
Victory
Defeat
🇲🇽 Japanese · Mexico
1000
+17
🇲🇽 Burgundians · Mexico
769
+23
🇲🇽 Khmer · Mexico
686
+15
🇲🇽 Italians · Mexico
668
+21
🇦🇷 Saxons · Argentina
778
-16
🇦🇷 Huns · Argentina
676
-11
🇨🇱 Turks · Chile
655
-11
🇵🇪 Lithuanians · Peru
545
-7
darador86
11:25 Feudal Age
12:02 Horse Collar
12:10 Double-Bit Axe
17:34 Castle Age
17:11 Gold Mining
17:13 Stone Mining
18:40 Bow Saw
18:23 Pikeman
19:03 Squires
20:28 Heavy Plow
23:09 Gold Shaft Mining
24:50 Wheelbarrow
24:01 Town Watch
25:27 Caravan
26:11 Hand Cart
25:57 Town Patrol
32:58 Imperial Age
32:10 Marauders
32:45 Scale Barding Armor
32:40 Scale Mail Armor
32:51 Forging
32:31 Fletching
32:41 Padded Archer Armor
33:12 Murder Holes
33:08 Elite Tarkan
33:52 Husbandry
40:55 Halberdier
42:43 Conscription
43:30 Ballistics
44:10 Chemistry
43:22 Masonry
46:47 Parthian Tactics
45:44 Heavy Cavalry Archer
54:55 Chain Mail Armor
Junran
12:13 Feudal Age
14:54 Double-Bit Axe
16:33 Horse Collar
17:01 Loom
20:07 Castle Age
18:33 Gold Mining
18:33 Stone Mining
21:58 Bow Saw
24:00 Wheelbarrow
24:50 Forging
26:22 Heavy Plow
28:34 Scale Mail Armor
33:39 Imperial Age
31:29 Gambesons
31:50 Squires
33:12 Gold Shaft Mining
34:05 Iron Casting
35:02 Crop Rotation
34:54 Chain Mail Armor
35:08 Pikeman
36:21 Heavy Scorpion
37:58 Shield Wall
39:02 Conscription
38:03 Elite Hearth Troop
39:24 Plate Mail Armor
38:20 Crossbowman
40:31 Hand Cart
40:14 Town Watch
41:41 Ballistics
42:23 Chemistry
41:22 Arbalester
42:00 Fletching
43:11 Siege Engineers
44:09 Bloodlines
44:02 Husbandry
44:00 Bodkin Arrow
44:49 Halberdier
47:11 Bracer
48:58 Cavalier
49:48 Scale Barding Armor
53:51 Onager
54:02 Elite Varangian Guard
Lamb Of God
11:12 Feudal Age
19:12 Castle Age
17:17 Horse Collar
19:30 Double-Bit Axe
30:11 Imperial Age
30:22 Wheelbarrow
29:37 Loom
31:50 Fortified Wall
32:01 Ballistics
31:51 Heavy Plow
34:28 Bow Saw
37:04 Heavy Scorpion
43:39 Two-Man Saw
48:02 Caravan
ZZL
12:31 Feudal Age
13:00 Double-Bit Axe
12:56 Horse Collar
15:51 Gold Mining
17:21 Arson
19:15 Stone Mining
22:22 Castle Age
21:06 Bloodlines
23:13 Bow Saw
23:04 Heavy Plow
22:36 Light Cavalry
23:19 Husbandry
23:57 Stone Shaft Mining
25:58 Scale Barding Armor
26:05 Forging
25:58 Scale Mail Armor
26:37 Wheelbarrow
27:40 Hand Cart
28:57 Chain Barding Armor
30:07 Town Watch
30:48 Squires
31:08 Chain Mail Armor
31:29 Iron Casting
31:42 Town Patrol
32:31 Loom
33:56 Fortified Wall
34:07 Ballistics
38:40 Imperial Age
36:47 Masonry
36:17 Treadmill Crane
37:25 Pikeman
38:08 Fletching
38:18 Padded Archer Armor
38:42 Winged Hussar
40:01 Plate Barding Armor
40:36 Two-Man Saw
40:09 Crop Rotation
40:03 Halberdier
41:29 Tower Shields
44:56 Bodkin Arrow
45:16 Leather Archer Armor
45:14 Elite Leitis
55:33 Onager
56:47 Architecture
57:18 Chemistry
VoicingBasket46
10:58 Feudal Age
12:19 Double-Bit Axe
12:16 Horse Collar
16:43 Castle Age
19:33 Heavy Plow
19:46 Bow Saw
22:41 Gold Mining
22:41 Stone Mining
24:37 Wheelbarrow
27:20 Ballistics
26:42 Treadmill Crane
27:27 Hand Cart
30:20 Imperial Age
28:18 Stone Mining
29:18 Padded Archer Armor
29:09 Fletching
31:10 Thumb Ring
32:11 Chemistry
31:29 Leather Archer Armor
31:58 Bodkin Arrow
34:47 Guilds
35:07 Coinage
35:12 Ring Archer Armor
34:42 Bracer
35:24 Pirotechnia
36:24 Conscription
44:05 Banking
Donpepe3000
13:44 Feudal Age
13:18 Horse Collar
13:25 Double-Bit Axe
13:45 Stone Mining
14:20 Gold Mining
18:09 Stone Shaft Mining
20:28 Castle Age
18:40 Bow Saw
19:08 Gold Shaft Mining
18:35 Heavy Plow
19:54 Forging
19:48 Scale Mail Armor
24:04 Two-Man Saw
23:54 Wheelbarrow
23:06 Loom
23:08 Town Watch
24:14 Iron Casting
25:11 Crop Rotation
26:35 Burgundian Vineyards
28:49 Chain Mail Armor
29:08 Caravan
28:34 Pikeman
29:17 Squires
29:05 Arson
30:22 Hand Cart
30:09 Town Patrol
36:21 Imperial Age
36:34 Halberdier
40:03 Blast Furnace
40:07 Fortified Wall
43:42 Chemistry
57:26 Plate Mail Armor
56:57 Padded Archer Armor
56:48 Fletching
RINZL3R
11:53 Feudal Age
12:54 Loom
14:37 Horse Collar
14:50 Gold Mining
14:55 Double-Bit Axe
19:59 Castle Age
18:58 Stone Mining
22:56 Gold Shaft Mining
23:44 Town Watch
24:12 Loom
28:12 Bow Saw
28:07 Heavy Plow
30:15 Town Patrol
34:13 Imperial Age
32:55 Wheelbarrow
33:11 Forging
33:02 Scale Mail Armor
38:03 Elite Samurai
43:56 Parthian Tactics
45:50 Heavy Cavalry Archer
Coso Azul
11:58 Feudal Age
15:51 Castle Age
19:54 Horse Collar
21:02 Heavy Plow
21:28 Double-Bit Axe
23:34 Bow Saw
25:17 Gold Mining
27:45 Gold Shaft Mining
27:06 Stone Mining
30:51 Fortified Wall
30:57 Loom
31:49 Wheelbarrow
31:00 Town Watch
33:48 Imperial Age
33:34 Stone Shaft Mining
33:47 Scale Barding Armor
35:08 Double Crossbow
35:18 Heavy Scorpion
37:04 Chemistry
36:11 Siege Engineers
36:28 Bloodlines
36:21 Husbandry
35:45 Light Cavalry
36:55 Chain Barding Armor
38:16 Hussar
Connection lost

Rejoining the realm…

Still unreachable

The connection could not be restored.

Session expired

The server has moved on; the page needs a fresh start.